 Dungeon Sprint DCSS version 0.31-a0-358-gac0dbeb3ab (webtiles) character file.

Game seed: 8508911670855360568

27 garrulousMonolith the Changeling (level 3, 0/49 HPs)
             Began as a Naga Shapeshifter on July 25, 2023.
             Was a Priest of Cheibriados.
             Slain by a kobold
             ... wielding a +2 short sword of venom
              (3 damage)
             ... in the Dungeon (Sprint VII: "The Pits").
             The game lasted 00:01:23 (327 turns).

garrulousMonolith the Changeling (Naga Shapeshifter) Turns: 327, Time: 00:01:24

Health: 0/49       AC:  2    Str: 27    XL:     3   Next: 10%
Magic:  3/3        EV: 10    Int: 16    God:    Cheibriados [***...]
Gold:   0          SH:  0    Dex: 19    Spells: 2/2 levels left

rFire   . .          .
                       - Unarmed
rCold   . . .        (no shield)
rNeg    . . .        a - +0 animal skin
rPois   +            (helmet currently unavailable)
rElec   .            (cloak currently unavailable)
rCorr   .            (gloves currently unavailable)
SInv    +            (no barding)
Will    .....        (no amulet) Stlth
                     (no ring)
HPRegen 0.28/turn    (no ring)
MPRegen 0.08/turn

%: no teleportation
@: berserking, beast-form, very slow
A: beast (slay +2), AC +1, large, see invisible, deformed body, poison
resistance, slowness 2, spit poison 1, naga tail 1
a: Spit Poison, Begin Untransformation, Renounce Religion, Bend Time, Temporal
Distortion


You were in the Dungeon.
You worshipped Cheibriados.
Cheibriados was most pleased with you.
You were a hulking beast.
You visited 1 branch

Inventory:

Hand Weapons
 j - a +2 trident
Missiles
 n - 10 stones
Armour
 a - a +0 animal skin (worn)
Talismans
 c - a beast talisman
Scrolls
 i - a scroll of blinking
 l - 5 scrolls of amnesia
 m - a scroll of butterflies
Potions
 b - a potion of lignification
 f - a potion of haste
 g - 4 potions of magic
 h - 2 potions of berserk rage
 k - 2 potions of invisibility


   Skills:
 + Level 2.3 Fighting
 + Level 1.5 Armour
 + Level 2.3 Dodging
 + Level 3.1 Stealth
 + Level 3.7 Unarmed Combat
 * Level 3.9 Shapeshifting


You had 2 spell levels left.
You didn't know any spells.
Your spell library was empty.

Dungeon Overview and Level Annotations

Branches:
Dungeon (1/1)

Altars:
Ashenzari
Cheibriados
Dithmenos
Elyvilon
Fedhas
Gozag
Hepliaklqana
Kikubaaqudgha
Makhleb
Nemelex Xobeh
Okawaru
Qazlal
Ru
Sif Muna
Trog
Uskayaw
Vehumet
Wu Jian
Xom
Yredelemnul
Zin
The Shining One
Jiyva
Lugonu


Innate Abilities, Weirdness & Mutations

You are a hulking beast.
Your limbs bulge with bestial killing power. (Slay +2)
Your serpentine skin is tough. (AC +1)
You have supernaturally acute eyesight. (SInv)
Armour fits poorly on your strangely shaped body.
Your system is resistant to poisons. (rPois)
You cover ground very slowly.
You can spit poison.
You have a snake-like lower body.


Message History

You have got your breath back.
The ball python bites you.
Okay, then.
You hit the ball python. You punch the ball python.
You kill the ball python!
Cheibriados thoroughly appreciates the change of pace.
Cheibriados raises the support of your attributes as your movement slows.
You barely miss the gnoll. The gnoll closely misses you.
You barely miss the gnoll. The gnoll hits you with a +0 whip.
You hit the gnoll.
The gnoll is moderately wounded.
The gnoll hits you with a +0 whip.
You closely miss the gnoll.
The gnoll is moderately wounded.
The gnoll closely misses you.
You barely miss the gnoll. You punch the gnoll!
The gnoll is almost dead.
The gnoll hits you with a +0 whip.
You closely miss the gnoll.
The gnoll is almost dead.
The gnoll hits you with a +0 whip.
* * * LOW HITPOINT WARNING * * *
A red film seems to cover your vision as you go berserk!
Cheibriados forces you to slow down.
You feel mighty! The gnoll hits you with a +0 whip.
* * * LOW HITPOINT WARNING * * *
You punch the gnoll!
You kill the gnoll!
Cheibriados thoroughly appreciates the change of pace.
Cheibriados raises the support of your attributes as your movement slows.
The kobold throws a stone.
The stone barely misses you.
Your Stealth skill increases to level 3!
You have reached level 3!
Your experience leads to an increase in your attributes!
Your base attributes are Str 17, Int 8, Dex 11.
Increase (S)trength, (I)ntelligence, or (D)exterity?
You feel stronger. x2; Your skin feels tougher.
The kobold barely misses you.
The kobold hits you with a +2 short sword of venom.
You die...

##########.##..........
#...........'..........
#+#####'#####......#..#
#.....# #..........
#..÷..# ####'#####+
###'### #.......#
#†....# #.......#
#.....# #.......#
####h##+###...<...#
#...K....##.......#
#........##.......#
###########.......#
#########


You could see a kobold.

Vanquished Creatures
  A gnoll (D)
  A river rat (D)
  A ball python (D)
  A bat skeleton (D)
  A giant cockroach (D)
  A hobgoblin (D)
  A quokka (D)
  A frilled lizard (D)
8 creatures vanquished.

Notes
Turn   | Place    | Note
-------+----------+-------------------------------------------
     0 | D        | garrulousMonolith the Naga Shapeshifter began the quest for
                  | the Orb.
     0 | D        | Reached XP level 1. HP: 18/18 MP: 1/1
    58 | D        | Found a bloodstained altar of Trog.
    58 | D        | Found a shimmering blue altar of Sif Muna.
    58 | D        | Found a viscous altar of Jiyva.
    58 | D        | Found a hazy altar of Hepliaklqana.
    58 | D        | Found an opulent altar of Gozag.
    59 | D        | Found a glowing golden altar of the Shining One.
    59 | D        | Found a glowing silver altar of Zin.
    59 | D        | Found a basalt altar of Yredelemnul.
    59 | D        | Found a shimmering altar of Xom.
    59 | D        | Found an ornate altar of the Wu Jian Council.
    59 | D        | Found a sacrificial altar of Ru.
    59 | D        | Found a stormy altar of Qazlal.
    59 | D        | Found an iron altar of Okawaru.
    59 | D        | Found a sparkling altar of Nemelex Xobeh.
    59 | D        | Found a burning altar of Makhleb.
    59 | D        | Found a blossoming altar of Fedhas.
    59 | D        | Found a white marble altar of Elyvilon.
    59 | D        | Found a shadowy altar of Dithmenos.
    59 | D        | Found a snail-covered altar of Cheibriados.
    92 | D        | Found a radiant altar of Vehumet.
    92 | D        | Found a corrupted altar of Lugonu.
    93 | D        | Found a hide-covered altar of Uskayaw.
    93 | D        | Found an ancient bone altar of Kikubaaqudgha.
    93 | D        | Found a broken altar of Ashenzari.
   101 | D        | Became a worshipper of Cheibriados the Contemplative
   125 | D        | Reached skill level 1 in Armour
   125 | D        | Reached XP level 2. HP: 12/26 MP: 2/2
   128 | D        | Reached * piety under Cheibriados
   302 | D        | Reached ** piety under Cheibriados
   316 | D        | Reached *** piety under Cheibriados
   327 | D        | Reached XP level 3. HP: 2/33 MP: 3/3
   327 | D        | Slain by a kobold

Illustrated notes

Levels and vault maps discovered:
D:        pitsprint [storerooms_1, entrance_room_1, metal_vault_6, armoury_1,
          mini_pit_1, grid_room_1, main_hall_1, silver_pit, the_coven_1,
          the_vestibule_1, steel_vault_2, golden_pit, hallway_of_sentries,
          crystal_vault_6, iron_vault_2, final_vault]

Skill      XL: |  1  2 |
---------------+-------+-----
Armour         | 1 |  1.5
Dodging        | 2 |  2.3
Stealth        | 2 3 |  3.1
Fighting       | 2 |  2.3
Unarmed Combat | |  3.7
Shapeshifting  | |  3.9

Action                     || total
---------------------------++-------
  Melee: Unarmed           ||    28
         Punch             ||     2
Ability: Spit Poison       ||     1
    Use: Potion            ||     3
   Stab: Sleeping          ||     2
 Armour: Animal skin       ||     3
  Dodge: Dodged            ||    23

Table legend: (Time is in decaauts)
 A = Elapsed time spent in this place.
 B = Non-inter-level travel time spent in this place.
 C = Inter-level travel time spent in this place.
 D = Time resting spent in this place.
 E = Time spent auto-exploring this place.
 F = Levels seen in this place.
 G = Mean time per level.
                   A        B        C        D        E       F      G
               +--------+--------+--------+--------+--------+-----+--------+
         Total |    365 |    365 |      0 |    208 |      0 |   1 |  365.0 |
       Dungeon |    365 |    365 |      0 |    208 |      0 |   1 |  365.0 |
               +--------+--------+--------+--------+--------+-----+--------+

Top non-repeatable levels by time:
       D: 365 daAuts
